 Seeded DCSS version 0.30-a0-937-ga0a21ad780 (webtiles) character file.

Game seed: 3425090202442293766 (custom seed)

53128 tkbsonic5 the Slicer (level 14, -26/79 HPs)
             Began as a Vine Stalker Reaver on Mar 22, 2023.
             Was an Initiate of Wu Jian.
             Annihilated by a titanic slime creature (38 damage)
             ... on level 15 of the Dungeon on Mar 25, 2023.
             The game lasted 01:27:49 (15001 turns).

tkbsonic5 the Slicer (Vine Stalker Reaver)         Turns: 15001, Time: 01:27:50

Health: -26/79     AC: 25    Str: 18    XL:     14   Next: 67%
Magic:  0/22       EV:  8    Int: 13    God:    Wu Jian [......]
Gold:   778        SH: 11    Dex: 20    Spells: 8/22 levels left

rFire   . . .      SeeInvis +    b - +7 rapier (heavy)
rCold   + . .      Faith    .    e - +1 buckler {reflect}
rNeg    . . .      Spirit   +    M - +2 plate armour {rC+}
rPois   .          Reflect  +    q - +1 helmet
rElec   .          Rampage  .    (no cloak)
rCorr   .                        r - +0 pair of gloves
Will    +....                    g - +2 pair of boots Stlth
                                 z - amulet "Ekkustri" {+Blink Regen+ Dex+5}
HPRegen 1.93/turn                c - ring of see invisible
MPRegen 0.18/turn                P - +4 ring of protection

@: about to teleport, studying Long Blades, fire susceptible
A: fangs 3, regeneration 1, magic shield, antimagic bite, no potion heal 2,
hooves 1, large bone plates 1, deterioration 1
a: Renounce Religion, Evoke Blink


You were on level 15 of the Dungeon.
You worshipped Wu Jian.
Wu Jian was noncommittal.
You visited 2 branches of the dungeon, and saw 16 of its levels.

You collected 1231 gold pieces.
You spent 453 gold pieces at shops.

Inventory:

Hand Weapons
 b - a +7 heavy rapier (weapon)
 y - the +2 rapier "Dragon's Bane" {heavy, Dex+4}
   (You acquired it on level 4 of the Dungeon)

   Dex:       It affects your dexterity (+4).
Missiles
 t - 24 poisoned darts
 K - 13 boomerangs
 Q - 7 javelins (quivered)
Armour
 e - a +1 buckler of reflection (worn)
 g - a +2 pair of boots (worn)
 q - a +1 helmet (worn)
 r - a +0 pair of gloves (worn)
 C - a +2 robe of resistance
 L - +0 acid dragon scales
 M - a +2 plate armour of cold resistance (worn)
Jewellery
 c - a ring of see invisible (left hand)
 d - a ring of ice
 h - a ring of wizardry
 l - a ring of magical power
 o - an amulet of the acrobat
 p - a ring of fire
 v - the ring "Qaese" {Will++ Str+2 Slay+4}
   (You found it on level 14 of the Dungeon)

   [ring of slaying]

   Str:       It affects your strength (+2).
   Slay:      It affects your accuracy & damage with ranged weapons and melee
   (+4).
   Will:      It greatly increases your willpower.
 z - the amulet "Ekkustri" (around neck) {+Blink Regen+ Dex+5}
   (You acquired it on level 4 of the Dungeon)

   [amulet of regeneration]

   Dex:       It affects your dexterity (+5).
   +Blink:    It lets you blink.
   Regen:     It increases your rate of health regeneration.
 D - a ring of magical power
 E - an amulet of reflection
 I - a +6 ring of intelligence
 J - an amulet of regeneration
 P - a +4 ring of protection (right hand)
Scrolls
 m - 6 scrolls of teleportation
 n - 4 scrolls of magic mapping
 B - 3 scrolls of fog
 G - 10 scrolls of identify
 H - a scroll of poison
Potions
 a - 2 potions of magic
 f - 3 potions of mutation
 i - a potion of brilliance
 j - 5 potions of curing
 w - a potion of ambrosia
 A - 3 potions of flight
 F - 3 potions of lignification
Miscellaneous
 u - a tin of tremorstones (inert)


   Skills:
 * Level 11.4 Fighting
 * Level 11.8 Short Blades
 - Level 7.5 Throwing
 * Level 5.7 Armour
 * Level 6.8 Dodging
 - Level 9.7 Stealth
 * Level 4.4 Shields
 - Level 3.3 Unarmed Combat
 - Level 4.8 Spellcasting
 - Level 3.8 Conjurations
 - Level 1.3 Necromancy
 - Level 2.7 Translocations
 - Level 3.7 Transmutations
 - Level 1.0 Ice Magic
 - Level 1.8 Air Magic
 - Level 1.5 Poison Magic
 - Level 4.0 Evocations


You had 8 spell levels left.
You knew the following spells:

 Your Spells              Type           Power      Damage    Failure   Level
a - Kiss of Death         Conj/Necr      36%        2d8       96%         1
b - Blink                 Tloc           20%        N/A       99%         2
c - Momentum Strike       Conj/Tloc      22%        3d8       97%         2
d - Manifold Assault      Tloc           10%        N/A       100%        4
e - Wereblood             Tmut           12%        N/A       95%         2
f - Mephitic Cloud        Conj/Pois/Air  9%         N/A       100%        3

Your spell library contained the following spells:

 Spells                   Type           Power      Damage    Failure   Level
 Foxfire                  Conj/Fire      32%        2x1d5     98%         1
 Passwall                 Tmut/Erth      6%         N/A       99%         2
 Poisonous Vapours        Pois/Air       14%        N/A       99%         2
 Sandblast                Erth           6%         2d5       100%        1
 Cigotuvi's Dreadful Rot  Necr/Pois/Air  14%        N/A       100%        2
 Sublimation of Blood     Necr           6%         N/A       100%        2
 Hailstorm                Conj/Ice       9%         3d4       100%        3
 Stone Arrow              Conj/Erth      16%        3d8       100%        3
 Animate Dead             Necr           6%         N/A       100%        4
 Fireball                 Conj/Fire      4%         3d4       100%        5
 Starburst                Conj/Fire      4%         6d3       100%        6
 Haunt                    Necr/Summ      2%         N/A       100%        7
 Storm Form               Tmut/Air       5%         N/A       100%        7
 Summon Hydra             Summ           1%         N/A       100%        7
 Infestation              Necr           3%         N/A       100%        8


Dungeon Overview and Level Annotations

Branches:
Dungeon (15/15) Temple (0/1) D:5 Lair (1/5) D:10 Orc (0/2) D:10 Vaults (0/5) D:12 D:13 Depths: D:15

Altars:
Elyvilon
Gozag
Nemelex Xobeh
Okawaru
Qazlal
Trog
Uskayaw
Wu Jian
Xom
Yredelemnul
Zin
The Shining One
Ignis

Shops:
D:2 ?(   D:6 *=   D:13 ?   D:15 *

Annotations:
D:6 3 runed translucent doors, superbruh's ghost, novice MiFi
D:9 2 transporters, grumposus's ghost, novice VSBr
D:11 2 transporters, Reihibor's ghost, journeyman MiBe
D:13 3 runed translucent doors, Wipuing's ghost, journeyman MiBe


Innate Abilities, Weirdness & Mutations

You have razor-sharp teeth.
Your natural rate of healing is unusually fast.
When hurt, damage is shared between your health and your magic reserves.
Your bite disrupts and absorbs the magic of your enemies.
Potions cannot restore your health.
You have large cloven feet.
You are partially covered in large bone plates. (SH +4)
Your body sometimes deteriorates upon taking damage.


Message History

The slime creature quivers. x2
The javelin pierces through the slime creature!!
The slime creature is moderately wounded.
The javelin pierces through the slime creature!!
The slime creature is moderately wounded.
The slime creature quivers.
Two slime creatures merge to form a large slime creature.
Two slime creatures merge to form a very large slime creature.
There is an open door here.
You hit the very large slime creature. You bite the very large slime creature!
You drain its power.
The very large slime creature is lightly wounded.
Two slime creatures merge to form an enormous slime creature.
You impale the enormous slime creature!!
Your bite misses the enormous slime creature.
The enormous slime creature is moderately wounded.
Two slime creatures merge to form a titanic slime creature.
Okay, then.
Okay, then.
Okay, then.
Okay, then.
As you read the scroll of teleportation, it crumbles to dust.
You feel strangely unstable.
You barely miss the titanic slime creature.
Your bite misses the titanic slime creature.
The titanic slime creature is moderately wounded.
You block the titanic slime creature's attack.
You hit the titanic slime creature but do no damage.
You bite the titanic slime creature. You drain its power.
The titanic slime creature is moderately wounded.
The titanic slime creature barely misses you.
You puncture the titanic slime creature!
You bite the titanic slime creature! You drain its power.
The titanic slime creature is moderately wounded.
The titanic slime creature hits you!!!!
Ouch! That really hurt!
* * * LOW HITPOINT WARNING * * *
The titanic slime creature attacks as you move away!
The titanic slime creature hits you!!!
You die...

..#.....#.............#######...#
..#.....#............[..........#
..#.....'.......................#
..#.....#........[..............#
..#.....#..............######...#
^.#.....#.........####.#..#.##..'
..#.....#........##..###..J..#..#
..#.....#.......##....#..##u##..#
..#.....#.......@J......###..#..#
..#.....#.......##...(### G..#...
..#.....#........##..## .####...
..#.....#.........#### .. #....
..####'##............# .. ##...
.....................#... #...
...........#####.....##. ##...
...........# #......### ###...#
...........# #........###.<...#


You could see a titanic slime creature.

Vanquished Creatures
  A very ugly thing (D:14)
  Nessos (D:13)
  A hydra (D:15)
  A catoblepas (D:13)
  An ogre mage (D:13)
  5 centaur warriors
  8 boulder beetles
  8 two-headed ogres
  3 tengu warriors
  Urug (D:13)
  A fire crab (D:12)
  A skeletal warrior (D:13)
  A deep troll (shapeshifter) (D:13)
  2 wizards
  A glowing orange brain (D:15)
  Pikel (D:9)
  6 deep elf pyromancers
  12 ugly things
  5 cyclopes
  3 manticores
  2 gargoyles
  2 unseen horrors (D:13)
  Psyche (D:9)
  An unseen horror (shapeshifter) (D:14)
  2 efreet (D:13)
  A tengu conjurer (D:15)
  3 yaktaurs (D:15)
  5 trolls
  Grinder (D:4)
  A hornet (D:8)
  Sigmund (D:3)
  3 shadows
  6 slime creatures
  2 wyverns
  3 wraiths
  24 yaks
  A vampire (D:12)
  A redback (shapeshifter) (D:13)
  A basilisk (D:12)
  12 vampire mosquitoes
  A steam dragon (D:8)
  18 humans
  2 wargs (D:10)
  2 acid dragons
  2 ice beasts
  A sky beast (D:7)
  4 orc warriors
  2 black bears (D:5)
  6 ogres
  11 centaurs
  A lemure (D:9)
  2 kobold brigands
  A gnoll sergeant (D:6)
  3 scorpions (D:6)
  5 bullfrogs
  4 killer bees (D:11)
  5 howler monkeys
  A crimson imp (D:4)
  11 hounds
  A jelly (D:6)
  9 orc priests
  2 sleepcaps (D:6)
  2 iguanas (D:6)
  Terence (D:3)
  7 orc wizards
  6 adders
  3 gnolls (D:6)
  A shadow imp (D:5)
  A worm (D:2)
  14 dart slugs
  34 orcs
  8 ball pythons
  7 bats
  5 endoplasms
  3 giant cockroaches
  11 goblins
  7 hobgoblins
  A jackal (D:7)
  11 kobolds
  A quokka (D:2)
  4 frilled lizards
  A goblin skeleton (D:4)
  A goblin zombie (D:4)
  A hobgoblin zombie (D:4)
  A kobold skeleton (D:4)
  2 kobold zombies (D:4)
  An orc skeleton (D:4)
  13 rats
377 creatures vanquished.

Vanquished Creatures (collateral kills)
  A centaur warrior (D:13)
  An ugly thing (D:12)
  2 slime creatures (D:15)
  3 humans (D:12)
7 creatures vanquished.

Vanquished Creatures (others)
  2 ugly things (D:15)
  A boggart (D:13)
  An orc wizard (D:10)
  42 foxfires
  2 fungi (Lair:1)
  A plant (Lair:1)
49 creatures vanquished.

Grand Total: 433 creatures vanquished

Notes
Turn   | Place    | Note
-------+----------+-------------------------------------------
     0 | D:1      | tkbsonic5 the Vine Stalker Reaver began the quest for the
                  | Orb.
     0 | D:1      | Reached XP level 1. HP: 11/11 MP: 4/4
   124 | D:1      | Reached skill level 1 in Stealth
   127 | D:1      | Reached XP level 2. HP: 15/15 MP: 6/6
   159 | D:1      | Learned a level 2 spell: Blink
   208 | D:1      | Found a faded altar of an unknown god.
   273 | D:1      | Prayed at the altar of an unknown god.
   273 | D:1      | Became a worshipper of Ignis, the Dying Flame
   570 | D:1      | Reached XP level 3. HP: 16/18 MP: 7/7
   643 | D:1      | Learned a level 3 spell: Hailstorm
   680 | D:2      | Identified 2 scrolls of acquirement
   680 | D:2      | Acquired the +2 hat of Pantheism {Int+4}
   683 | D:2      | Acquired a +4 rapier of electrocution
  1005 | D:2      | Reached skill level 1 in Translocations
  1005 | D:2      | Gained mutation: Your natural rate of healing is unusually
                  | fast. [Vine Stalker growth]
  1005 | D:2      | Reached XP level 4. HP: 21/22 MP: 8/8
  1081 | D:2      | Found Nareh's Weapon Boutique.
  1518 | D:2      | Found Lipoy's Magic Scroll Boutique.
  1522 | D:2      | Bought a scroll of blinking for 82 gold pieces
  1522 | D:2      | Bought a scroll of teleportation for 33 gold pieces
  1522 | D:2      | Bought a scroll of identify for 22 gold pieces
  1773 | D:3      | Reached XP level 5. HP: 27/27 MP: 9/9
  1889 | D:3      | Noticed Terence
  1899 | D:3      | Killed Terence
  1900 | D:3      | Reached skill level 1 in Short Blades
  1900 | D:3      | Reached skill level 1 in Throwing
  2069 | D:3      | Noticed Sigmund
  2091 | D:3      | Killed Sigmund
  2092 | D:3      | Reached skill level 1 in Necromancy
  2092 | D:3      | Reached XP level 6. HP: 16/32 MP: 5/11
  2644 | D:4      | Acquired the amulet "Ekkustri" {+Blink Regen+ Dex+5}
  2646 | D:4      | Acquired the +2 rapier "Dragon's Bane" {heavy, Dex+4}
  2883 | D:4      | Found a glowing golden altar of the Shining One.
  2896 | D:4      | Reached XP level 7. HP: 35/36 MP: 12/12
  3077 | D:4      | Noticed Grinder
  3094 | D:4      | Killed Grinder
  3442 | D:4      | Found a white marble altar of Elyvilon.
  3442 | D:4      | Found an ornate altar of the Wu Jian Council.
  3443 | D:4      | Found a basalt altar of Yredelemnul.
  3890 | D:5      | Entered Level 5 of the Dungeon
  3917 | D:5      | Learned a level 2 spell: Momentum Strike
  3922 | D:5      | Learned a level 4 spell: Manifold Assault
  3923 | D:5      | Found a staircase to the Ecumenical Temple.
  4083 | D:5      | Identified the +2 robe of a Hundred Friends {rElec Str+4
                  | Int-5 Slay+3}
  4151 | D:5      | Gained mutation: You have razor-sharp teeth. [Vine Stalker
                  | growth]
  4151 | D:5      | Reached XP level 8. HP: 42/42 MP: 13/13
  4304 | D:5      | Found an iron altar of Okawaru.
  4682 | D:6      | Reached skill level 5 in Fighting
  4794 | D:6      | Found a bloodstained altar of Trog.
  4947 | D:6      | Found Kausagei's Jewellery Shop.
  4960 | D:6      | Found Xyeg's General Store.
  4964 | D:6      | Bought 2 scrolls of teleportation for 78 gold pieces
  4964 | D:6      | Bought a scroll of fear for 52 gold pieces
  4964 | D:6      | Bought a scroll of teleportation for 39 gold pieces
  5003 | D:6      | Found a glowing silver altar of Zin.
  5029 | D:6      | Found a runed translucent gate.
  5030 | D:6      | Found a runed translucent gate.
  5031 | D:6      | Found a runed translucent gate.
  5032 | D:6      | Noticed superbruh's ghost (novice MiFi)
  5302 | D:6      | Reached skill level 5 in Short Blades
  5355 | D:6      | Reached XP level 9. HP: 40/47 MP: 14/14
  5362 | D:6      | Reached skill level 1 in Armour
  5362 | D:6      | Reached skill level 5 in Stealth
  6101 | D:7      | Gained mutation: Your body sometimes deteriorates upon
                  | taking damage. [potion of mutation]
  6101 | D:7      | Gained mutation: You have large cloven feet. [potion of
                  | mutation]
  6101 | D:7      | Gained mutation: You are partially covered in large bone
                  | plates. (SH +4) [potion of mutation]
  6457 | D:7      | Reached XP level 10. HP: 53/53 MP: 15/15
  6742 | D:8      | Found a hide-covered altar of Uskayaw.
  7074 | D:8      | Noticed a purple ugly thing
  7080 | D:8      | Killed a purple ugly thing
  7400 | D:9      | Found a stormy altar of Qazlal.
  7591 | D:9      | Noticed Psyche
  7597 | D:9      | Killed Psyche
  7651 | D:9      | Noticed Pikel
  7672 | D:9      | Killed Pikel
  7673 | D:9      | Reached XP level 11. HP: 60/60 MP: 16/16
  7887 | D:9      | Noticed a moth of wrath
  7897 | D:9      | Found a transporter.
  7901 | D:9      | Noticed grumposus's ghost (novice VSBr)
  7921 | D:9      | Found a transporter.
  8216 | D:10     | Entered Level 10 of the Dungeon
  8226 | D:9      | Reached skill level 5 in Throwing
  8304 | D:10     | Learned a level 2 spell: Wereblood
  8308 | D:10     | Learned a level 3 spell: Mephitic Cloud
  8331 | D:10     | Found an opulent altar of Gozag.
  8333 | D:10     | Found a sparkling altar of Nemelex Xobeh.
  8374 | D:10     | Reached skill level 1 in Evocations
  8435 | D:10     | Found a staircase to the Lair.
  8657 | D:10     | Found a flagged portal.
  8730 | D:10     | Found a staircase to the Orcish Mines.
  8959 | D:11     | Noticed a two-headed ogre
  8973 | D:11     | Killed a two-headed ogre
  9000 | D:11     | Noticed Reihibor's ghost (journeyman MiBe)
  9010 | D:11     | Found a transporter.
  9025 | D:11     | Noticed a boulder beetle
  9035 | D:11     | Killed a boulder beetle
  9089 | D:11     | Found a transporter.
  9379 | D:11     | Noticed a cyclops
  9388 | D:11     | Killed a cyclops
  9484 | D:11     | Reached skill level 1 in Transmutations
  9496 | D:11     | Noticed a manticore
  9514 | D:11     | Killed a manticore
  9597 | Lair:1   | Entered Level 1 of the Lair of Beasts
  9645 | Lair:1   | Reached XP level 12. HP: 64/65 MP: 18/18
  9663 | Lair:1   | Noticed a death yak
  9670 | Lair:1   | Noticed a death yak
  9673 | Lair:1   | Noticed a death yak
  9801 | D:10     | Upgraded the game from 0.30-a0-924-g0ad0bf95bc to
                  | 0.30-a0-930-gb9d0489357
  9825 | D:12     | Noticed a two-headed ogre
  9854 | D:11     | Killed a two-headed ogre
 10024 | D:12     | Noticed a boulder beetle
 10030 | D:12     | Killed a boulder beetle
 10131 | D:12     | Reached skill level 1 in Ice Magic
 10162 | D:12     | Reached skill level 1 in Air Magic
 10514 | D:13     | Noticed Nessos
 10514 | D:13     | Noticed Urug
 10514 | D:13     | Noticed a two-headed ogre
 10514 | D:13     | Noticed an ogre mage
 10514 | D:13     | Noticed a two-headed ogre
 10514 | D:13     | Noticed a two-headed ogre
 10514 | D:13     | Noticed a two-headed ogre
 10514 | D:13     | Noticed a two-headed ogre
 10514 | D:13     | Found a gate to the Vaults.
 10722 | D:12     | Killed a two-headed ogre
 10726 | D:12     | Reached skill level 10 in Short Blades
 10823 | D:13     | Found a shimmering altar of Xom.
 10823 | D:13     | Found a shimmering altar of Xom.
 10823 | D:13     | Found a shimmering altar of Xom.
 10823 | D:13     | Found a shimmering altar of Xom.
 10823 | D:13     | Found a shimmering altar of Xom.
 10823 | D:13     | Found a shimmering altar of Xom.
 10823 | D:13     | Found a shimmering altar of Xom.
 10849 | D:13     | Noticed a centaur warrior
 10853 | D:13     | Killed a centaur warrior
 10886 | D:13     | Killed Nessos
 10887 | D:13     | Reached skill level 1 in Poison Magic
 10953 | D:13     | Found Taulo's Magic Scroll Shoppe.
 10966 | D:13     | Reached skill level 5 in Dodging
 10978 | D:13     | Reached XP level 13. HP: 70/70 MP: 20/20
 10985 | D:13     | Bought a scroll of enchant weapon for 105 gold pieces
 10985 | D:13     | Bought a scroll of teleportation for 42 gold pieces
 11033 | D:13     | Found a runed translucent gate.
 11033 | D:13     | Found a runed translucent gate.
 11033 | D:13     | Found a runed translucent gate.
 11049 | D:12     | Reached skill level 5 in Armour
 11147 | D:13     | Killed Urug
 11268 | D:13     | Reached skill level 10 in Fighting
 11418 | D:13     | Acquired a +0 buckler of reflection
 11577 | D:13     | Reached skill level 1 in Shields
 11904 | D:13     | Noticed Wipuing's ghost (journeyman MiBe)
 11974 | D:13     | Found a shimmering altar of Xom.
 12066 | D:13     | Reached XP level 14. HP: 77/77 MP: 22/22
 12704 | D:14     | Identified the ring "Qaese" {Will++ Str+2 Slay+4}
 12993 | D:15     | Entered Level 15 of the Dungeon
 13646 | D:15     | Noticed a green very ugly thing
 13647 | D:15     | Noticed a purple very ugly thing
 13916 | D:4      | Fell from the grace of Ignis
 13916 | D:4      | Became a worshipper of the Wu Jian Council
 14741 | D:14     | Killed a green very ugly thing
 14789 | D:15     | Found Pial's General Store.
 14906 | D:15     | Upgraded the game from 0.30-a0-930-gb9d0489357 to
                  | 0.30-a0-937-ga0a21ad780
 15001 | D:15     | Annihilated by a titanic slime creature

Illustrated notes

Levels and vault maps discovered:
D:1:      minmay_arrival_loop, layout_basic, ebering_ecumenical_altar_webs,
          moated_statue, minmay_tetromino_s2
D:2:      minmay_angry_zag, layout_basic, serial_shops,
          nicolae_shop_behind_doors, nicolae_shop_bloodbath_and_beyond,
          minmay_cut_off
D:3:      kennysheep_slugbush, layout_basic, uniq_sigmund, uniq_terence
D:4:      layout_layer_cave, gammafunk_temple_overflow_claw,
          nicolae_tso_besieged_by_evil, minivault_24, uniq_grinder
D:5:      layout_loops_ring, mainiacjoe_overflow_small_starburst,
          minmay_temple_entry_grid, minmay_misc_feat_square
D:6:      cheibrodos_iron_armory, layout_basic, bloody_trog, marbit_many_paths,
          serial_shops, shop, shop, biasface_ghost_orc_armoury,
          minmay_manual_mares
D:7:      erik_cavepeople, layout_basic
D:8:      layout_gridville, nicolae_uskayaw_dance_hall
D:9:      layout_loops_corners, grunt_qazlal_clouds,
          gammafunk_ghost_berserking_beasts, uniq_psyche, uniq_pikel
D:10:     layout_loops_ring, grunt_temple_overflow_opulence,
          erik_lair_orcish_takeover, orc_0_dummy, enter_bailey_5
D:11:     layout_loops_cross, gammafunk_ghost_stat_death
D:12:     layout_long_grid
D:13:     minmay_the_grid_octo_tiled_squarecenter [minmay_the_grid_octo_focus,
          minmay_the_grid_octo_clover, minmay_the_grid_octo_fat_diamond,
          minmay_the_grid_octo_vomiting_pacman,
          minmay_the_grid_square_5x5_megaprize_hollow,
          minmay_the_grid_square_5x5_fat_x,
          minmay_the_grid_square_5x5_two_walls_b,
          minmay_the_grid_square_5x5_hourglass,
          minmay_the_grid_square_5x5_sharp_hourglass], layout_cave_pools,
          david_vaults_3, serial_shops, nicolae_shop_window_shopping,
          gammafunk_ghost_spectres, columned_hall_lemuel, xom_shifter_show
D:14:     layout_loops_ring, dreamdust_princess_corridor
D:15:     gammafunk_enter_depths_forms, layout_irregular_city,
          hangedman_decor_lopped, serial_shops, shop
Lair:1:   layout_cave_pods, nicolae_quartered_pool_little, grunt_megastairs_3,
          uniq_amaemon, uniq_urug

Skill      XL: |  1  2  3  4  5  6  7  8  9 10 11 12 13 14 |
---------------+-------------------------------------------+-----
Fighting       | 2 3 4 5 6 8 9 10 11 | 11.4
Stealth        | 1 2 3 4 5 7 8 9 |  9.7
Translocations | 1 2 |  2.7
Short Blades   | 1 2 3 5 7 8 9 10 11 | 11.8
Throwing       | 1 2 3 4 5 6 7 |  7.5
Necromancy     | 1 |  1.3
Dodging        | 2 3 4 5 6 |  6.8
Armour         | 1 2 3 4 5 |  5.7
Evocations     | 2 3 4 |  4.0
Spellcasting   | 3 4 |  4.8
Transmutations | 1 3 |  3.7
Ice Magic      | 1 |  1.0
Air Magic      | 1 |  1.8
Poison Magic   | 1 |  1.5
Shields        | 2 4 |  4.4
Unarmed Combat | |  3.3
Conjurations   | |  3.8

Action                     |  1- 3 |  4- 6 |  7- 9 | 10-12 | 13-15 || total
---------------------------+-------+-------+-------+-------+-------++-------
  Melee: Unarmed           |    57 |       |       |       |       ||    57
         Bite              |    23 |    24 |    49 |   107 |   158 ||   361
         Punch             |     2 |     3 |     8 |    10 |     7 ||    30
         Rapier            |    31 |    96 |   171 |   303 |   379 ||   980
  Throw: Dart              |    11 |    18 |    46 |    88 |    97 ||   260
         Throwing net      |       |     1 |     2 |     1 |       ||     4
         Javelin           |       |    10 |    14 |     3 |    23 ||    50
         Boomerang         |       |       |       |    25 |    37 ||    62
   Cast: Kiss of Death     |     2 |     3 |       |     1 |       ||     6
         Blink             |       |       |       |     6 |     5 ||    11
         Momentum Strike   |       |       |       |     1 |     2 ||     3
         Wereblood         |       |       |       |     1 |     1 ||     2
 Invoke: Fiery Armour      |       |       |       |     4 |     3 ||     7
         Foxfire Swarm     |       |       |       |     3 |     1 ||     4
         Rising Flame      |       |       |       |       |     1 ||     1
  Evoke: Wand              |       |       |    12 |    12 |    25 ||    49
         Tin of tremorston |       |       |       |       |     2 ||     2
    Use: Scroll            |     8 |     7 |    11 |    10 |    17 ||    53
         Potion            |     3 |     1 |     8 |     8 |     4 ||    24
   Stab: Sleeping          |     2 |     1 |     5 |     8 |       ||    16
         Invisible         |       |     1 |     3 |     9 |     2 ||    15
         Distracted        |       |       |     1 |       |       ||     1
         Betrayed ally     |       |       |       |     1 |       ||     1
         Petrified         |       |       |       |       |     1 ||     1
 Armour: Leather armour    |    21 |     1 |       |       |       ||    22
         Ring mail         |       |    63 |    29 |       |       ||    92
         Robe              |       |       |    60 |   116 |    16 ||   192
         Skin              |       |       |       |     8 |       ||     8
         Plate armour      |       |       |       |       |   208 ||   208
  Dodge: Dodged            |    61 |    54 |   143 |   246 |   131 ||   635
  Block: Other             |       |       |     9 |    70 |    20 ||    99
         Buckler           |       |       |       |       |   116 ||   116
         Reflection        |       |       |       |       |    13 ||    13

Table legend: (Time is in decaauts)
 A = Elapsed time spent in this place.
 B = Non-inter-level travel time spent in this place.
 C = Inter-level travel time spent in this place.
 D = Time resting spent in this place.
 E = Time spent auto-exploring this place.
 F = Levels seen in this place.
 G = Mean time per level.
                   A        B        C        D        E       F      G
               +--------+--------+--------+--------+--------+-----+--------+
         Total |  15048 |  14258 |    790 |   1094 |   9891 |  16 |  940.5 |
       Dungeon |  14962 |  14172 |    790 |   1094 |   9860 |  15 |  997.5 |
          Lair |     85 |     85 |      0 |      0 |     31 |   1 |   85.0 |
               +--------+--------+--------+--------+--------+-----+--------+

Top non-repeatable levels by time:
    D:15: 1509 daAuts
    D:13: 1369 daAuts
     D:4: 1331 daAuts
     D:7: 1156 daAuts
     D:6: 1083 daAuts
     D:2: 1044 daAuts
    D:12: 981 daAuts
     D:3: 970 daAuts
    D:10: 905 daAuts
     D:9: 892 daAuts
    D:14: 846 daAuts
     D:5: 842 daAuts
    D:11: 709 daAuts
     D:8: 671 daAuts
     D:1: 648 daAuts
